[Event "7th Paul Keres Memorial Festival 2026 Classic A"]
[Site "ESTONIA Resort Hotel & Spa conference center, EE"]
[Date "2026.08.01"]
[Round "9"]
[White "Zeng, Chongsheng"]
[Black "Keinanen, Toivo"]
[Result "1-0"]
[Board "1"]
[TimeControl "5400+30"]
[WhiteFideId "8603847"]
[BlackFideId "509825"]
[WhiteElo "2565"]
[BlackElo "2495"]
[WhiteTitle "GM"]
[BlackTitle "IM"]
[WhiteClock "0:13:39"]
[BlackClock "0:02:02"]
[Variant "Standard"]
[EndDate "2026.08.01"]
[EndTime "10:55:13"]

1. e4 e6 2. d4 d5 3. Nc3 Nf6 4. e5 Nfd7 5. f4 c5 6. Nf3 Nc6 7. Be3 Qb6 8. Na4 Qa5+ 9. c3 b6 10. Bd2 c4 11. b4 Nxb4 12. cxb4 Bxb4 13. Qc2 Bxd2+ 14. Nxd2 b5 15. Nc3 b4 16. Nce4 dxe4 17. Nxc4 b3+ 18. Qd2 Qxd2+ 19. Kxd2 b2 20. Nd6+ Ke7 21. Rb1 f5 22. Rxb2 Nb6 23. Bb5 Rd8 24. Rc1 Bd7 25. Rc7 Nd5 26. Rb7 e3+ 27. Kd3 Rab8 28. Bc6 Rxb7 29. Rxb7 Nb4+ 30. Rxb4 Bxc6 31. g3 Rg8 32. Kxe3 g5 33. fxg5 Rxg5 34. Nc8+ Kd7 35. Nxa7 Bd5 36. Nb5 h5 37. Nc3 Bc6 38. d5 Bxd5 39. Nxd5 exd5 40. Kd4 Kc6 41. a4 h4 42. a5 hxg3 43. Rb6+ Kd7 44. hxg3 Rxg3 45. a6 Ke7 46. a7 Ra3 47. Rh6 Ra4+ 48. Kxd5 Ra5+ 49. Kd4 Ra4+ 50. Ke3 f4+ 51. Kf3 Ra3+ 52. Kxf4 Ra4+ 53. Kf5 1-0

[Event "7th Paul Keres Memorial Festival 2026 Classic A"]
[Site "ESTONIA Resort Hotel & Spa conference center, EE"]
[Date "2026.08.01"]
[Round "9"]
[White "Kazakouski, Valery"]
[Black "Kreken, Eivind Grunt"]
[Result "1/2-1/2"]
[Board "2"]
[TimeControl "5400+30"]
[WhiteFideId "13507443"]
[BlackFideId "1532359"]
[WhiteElo "2594"]
[BlackElo "2335"]
[WhiteTitle "GM"]
[BlackTitle "FM"]
[WhiteClock "0:29:20"]
[BlackClock "0:01:55"]
[Variant "Standard"]
[EndDate "2026.08.01"]
[EndTime "10:35:29"]

1. d4 Nf6 2. c4 e5 3. dxe5 Ng4 4. Nf3 Bc5 5. e3 Nc6 6. Nc3 O-O 7. Be2 Ncxe5 8. Nxe5 Nxe5 9. O-O Re8 10. Kh1 d6 11. Na4 Qh4 12. f3 Bd7 13. Nxc5 dxc5 14. Qe1 Qxe1 15. Rxe1 Rad8 16. b3 Bc8 17. Kg1 Nd3 18. Rd1 Nxc1 19. Raxc1 Kf8 20. Kf2 Ke7 21. e4 Rd4 22. Ke3 Red8 23. h4 h6 24. g3 g5 25. hxg5 hxg5 26. Rh1 Rd2 27. Rcd1 Rxd1 28. Bxd1 b6 29. Bc2 Kf6 30. Rh7 Rg8 31. Rh6+ Ke7 32. e5 Bb7 33. Bf5 a6 34. Rh7 b5 35. Bg4 bxc4 36. bxc4 Bc8 37. Bxc8 Rxc8 38. f4 gxf4+ 39. gxf4 Rg8 40. f5 Ke8 41. Ke4 c6 42. f6 Rg1 43. Rh8+ Kd7 44. Rh3 Ke6 45. Ra3 Rg4+ 46. Kf3 Rxc4 47. Rxa6 Kxe5 48. Rxc6 1/2-1/2

[Event "7th Paul Keres Memorial Festival 2026 Classic A"]
[Site "ESTONIA Resort Hotel & Spa conference center, EE"]
[Date "2026.08.01"]
[Round "9"]
[White "Povilaitis, Tomas"]
[Black "Laurusas, Tomas"]
[Result "1/2-1/2"]
[Board "3"]
[TimeControl "5400+30"]
[WhiteFideId "12811700"]
[BlackFideId "12803731"]
[WhiteElo "2150"]
[BlackElo "2511"]
[BlackTitle "GM"]
[WhiteClock "0:03:14"]
[BlackClock "0:06:53"]
[Variant "Standard"]
[EndDate "2026.08.01"]
[EndTime "11:34:02"]

1. e4 c5 2. Nf3 e6 3. Nc3 d6 4. d4 cxd4 5. Nxd4 Bd7 6. Bd3 Nc6 7. Nxc6 Bxc6 8. O-O Nf6 9. Qe2 Be7 10. Kh1 h5 11. b4 a6 12. Rb1 h4 13. h3 Nh5 14. a4 Bf6 15. Bd2 Be5 16. b5 axb5 17. axb5 Bd7 18. Qf3 g5 19. Ne2 Qf6 20. Qxf6 Bxf6 21. g4 hxg3 22. fxg3 Be5 23. Kg2 Rg8 24. g4 Nf6 25. Ng1 Ke7 26. Nf3 Bf4 27. Bb4 e5 28. Ra1 Be6 29. Nd2 Rgc8 30. Rfb1 Nd7 31. Rxa8 Rxa8 32. Nc4 Nc5 33. Na5 Be3 34. Kf3 Bd4 35. Bf1 b6 36. Nc4 Ra2 37. Bxc5 Bxc5 38. Bd3 Ra4 39. Nd2 d5 40. Ke2 Bd4 41. Kf3 Bc3 42. Nf1 Ra3 43. Ng3 dxe4+ 44. Nxe4 Bd5 45. Ke2 Bd4 46. Kf3 f6 47. Rh1 Bc5 48. h4 gxh4 49. Rxh4 Ra1 50. Ke2 Bb4 51. Nxf6 Kxf6 52. g5+ Kxg5 53. Rxb4 Rh1 54. Ra4 Rh2+ 55. Ke3 Rh3+ 56. Ke2 Be6 57. Ra8 Bd5 58. Re8 Kf6 59. Kd2 Rh5 60. Rb8 e4 61. Rxb6+ Ke5 62. Be2 Rh2 63. Ke3 Rh3+ 64. Kd2 Kd4 65. Rb8 e3+ 66. Kc1 Rh2 67. Bd3 Be6 68. Rb6 Bd5 69. Rb8 Be6 70. Rb6 Bd7 71. Rb7 Bf5 72. Bxf5 Rh1+ 73. Kb2 e2 74. Re7 e1=Q 75. Rxe1 Rxe1 76. b6 Re8 77. b7 Rb8 78. Bc8 Kc4 79. c3 Kc5 80. Kb3 Kb5 81. c4+ Kc5 82. Kc3 Kd6 83. Kd4 Kc6 84. c5 Rxb7 85. Bxb7+ Kxb7 86. c6+ Kxc6 87. Ke4 1/2-1/2

[Event "7th Paul Keres Memorial Festival 2026 Classic A"]
[Site "ESTONIA Resort Hotel & Spa conference center, EE"]
[Date "2026.08.01"]
[Round "9"]
[White "Ostensen, Nicolai Maxime"]
[Black "Jakubowski, Krzysztof"]
[Result "0-1"]
[Board "4"]
[TimeControl "5400+30"]
[WhiteFideId "1546970"]
[BlackFideId "1112848"]
[WhiteElo "2407"]
[BlackElo "2424"]
[WhiteTitle "FM"]
[BlackTitle "GM"]
[WhiteClock "0:02:25"]
[BlackClock "0:01:41"]
[Variant "Standard"]
[EndDate "2026.08.01"]
[EndTime "11:12:58"]

1. c4 b6 2. Nc3 Bb7 3. d4 e6 4. Nf3 Bb4 5. Qc2 f5 6. a3 Bxc3+ 7. Qxc3 Nf6 8. g3 a5 9. b3 O-O 10. Bg2 d6 11. O-O Qe8 12. Bb2 Nbd7 13. Ng5 Bxg2 14. Kxg2 h6 15. Nh3 a4 16. b4 c6 17. b5 cxb5 18. cxb5 Rc8 19. Qd3 Nd5 20. Rac1 Rxc1 21. Rxc1 Qa8 22. f3 Rc8 23. Nf2 N7f6 24. e4 fxe4 25. fxe4 Ne7 26. Re1 d5 27. Kh3 dxe4 28. Nxe4 Nxe4 29. Rxe4 Nd5 30. Rxe6 Rf8 31. Qe2 Qc8 32. Kg2 Qb7 33. Kg1 Qf7 34. Re5 Kh8 35. Qg2 Qg6 36. Qe4 Qf7 37. Qe2 Qd7 38. Kg2 Rc8 39. Qd3 Qf7 40. Qf3 Rc2+ 41. Re2 Qg6 42. Kg1 Rxe2 43. Qxe2 Nf4 44. Qd1 Nd5 45. Qe2 Nf4 46. Qf1 Nd5 47. Qd1 Ne3 48. Qc1 Qe4 49. Kf2 Ng4+ 50. Kg1 Ne3 51. Kf2 Ng4+ 52. Kg1 Qe2 53. Qc8+ Kh7 54. Qf5+ Kg8 55. Qd5+ Kh8 56. Qa8+ Kh7 57. Qg2 Qe3+ 58. Kf1 Qd3+ 59. Ke1 Qb1+ 0-1

[Event "7th Paul Keres Memorial Festival 2026 Classic A"]
[Site "ESTONIA Resort Hotel & Spa conference center, EE"]
[Date "2026.08.01"]
[Round "9"]
[White "Lagarde, Maxime"]
[Black "Keinanen, Anastasia"]
[Result "1-0"]
[Board "5"]
[TimeControl "5400+30"]
[WhiteFideId "662399"]
[BlackFideId "34101737"]
[WhiteElo "2622"]
[BlackElo "2259"]
[WhiteTitle "GM"]
[BlackTitle "WIM"]
[WhiteClock "0:49:28"]
[BlackClock "0:08:32"]
[Variant "Standard"]
[EndDate "2026.08.01"]
[EndTime "10:02:05"]

1. e4 e5 2. Nf3 Nc6 3. Bc4 d6 4. O-O Be7 5. d4 Nf6 6. d5 Nb8 7. Nc3 O-O 8. a4 Ne8 9. a5 a6 10. h3 g6 11. Bh6 Ng7 12. Qd2 f6 13. Kh2 Rf7 14. g4 Nd7 15. Rg1 g5 16. h4 Nf8 17. Nd1 Ng6 18. Ne3 Nf4 19. Nf5 Ne8 20. Rg3 Kh8 21. Rh1 b5 22. Bb3 c6 23. dxc6 Be6 24. hxg5 Bxb3 25. cxb3 fxg5 26. Nxe7 Qxe7 27. Kg1 Rc8 28. Nxg5 Rxc6 29. Nxf7+ Qxf7 30. Bxf4 exf4 31. Rgh3 Nf6 32. Qxf4 Qg7 33. g5 Rc5 34. Rg3 Nd7 35. g6 h5 36. Rg5 Rxg5+ 37. Qxg5 Nf6 38. Rxh5+ Nxh5 39. Qxh5+ Kg8 40. Qd5+ Kh8 41. Qa8+ Qg8 42. Qxg8+ 1-0

[Event "7th Paul Keres Memorial Festival 2026 Classic A"]
[Site "ESTONIA Resort Hotel & Spa conference center, EE"]
[Date "2026.08.01"]
[Round "9"]
[White "Harikrishnan.A.Ra"]
[Black "Ter-Avetisjana, Agnesa Stepania"]
[Result "1-0"]
[Board "6"]
[TimeControl "5400+30"]
[WhiteFideId "5081483"]
[BlackFideId "11614900"]
[WhiteElo "2519"]
[BlackElo "2141"]
[WhiteTitle "GM"]
[BlackTitle "WIM"]
[WhiteClock "0:01:19"]
[BlackClock "0:03:22"]
[Variant "Standard"]
[EndDate "2026.08.01"]
[EndTime "11:55:11"]

1. Nf3 d5 2. g3 Nf6 3. Bg2 Bf5 4. O-O e6 5. d3 h6 6. c4 c6 7. Qb3 Qb6 8. Be3 Qxb3 9. axb3 Nbd7 10. Rxa7 Rxa7 11. Bxa7 Bd6 12. Be3 Ke7 13. Nc3 Ra8 14. Bd2 Bg4 15. Na4 dxc4 16. dxc4 Ne4 17. Be3 Nec5 18. Nxc5 Bxc5 19. Bd2 Bxf3 20. Bxf3 Bd4 21. Bb4+ Ke8 22. Ba3 Rd8 23. Be4 Bf6 24. Bc2 Be7 25. Rc1 c5 26. Be4 Rb8 27. Kf1 Ne5 28. e3 Kd7 29. Ke2 Kc7 30. f4 Ng4 31. h3 Nf6 32. Bf3 Rd8 33. g4 Nd7 34. Rd1 b6 35. h4 Nb8 36. Rg1 Nc6 37. g5 hxg5 38. hxg5 Rh8 39. Bg2 Rh4 40. Kf2 g6 41. Rd1 Rh8 42. Ke2 Rh2 43. Rg1 e5 44. Kf3 exf4 45. exf4 Bd6 46. Kg3 Rh5 47. Kg4 Nd4 48. Be4 Ne6 49. Rf1 Kd7 50. Rf2 Ke7 51. Bd5 Rh7 52. Re2 Kd7 53. Rf2 Nd4 54. Be4 Rh8 55. Rd2 Re8 56. Bd5 Ne6 57. Rf2 Re7 58. f5 gxf5+ 59. Rxf5 Ke8 60. Rf6 Be5 61. Rh6 Bd6 62. Rf6 Kd7 63. Rh6 Nc7 64. b4 Nxd5 65. cxd5 Re4+ 66. Kf3 Rf4+ 67. Ke3 Rg4 68. bxc5 bxc5 69. Rf6 Ke7 70. Rf5 Rg3+ 71. Ke4 Rg4+ 72. Kd3 Rd4+ 73. Kc3 Ra4 74. Kc2 Rc4+ 75. Kb3 Rg4 76. Kc3 Ra4 77. Rf2 Rg4 78. Rf5 Ra4 79. Kb3 Rg4 80. Ka2 Rg2 81. Kb1 Rg1+ 82. Kc2 Rg2+ 83. Kc3 Rg4 84. b3 Rg3+ 85. Kc4 Rg4+ 86. Kb5 Rg3 87. Bxc5 Bxc5 88. Kxc5 Rxb3 89. d6+ Ke8 90. Kc6 Ra3 91. Rb5 Ra8 92. Rb7 Rc8+ 93. Rc7 Ra8 94. Re7+ Kf8 95. Re5 Ra6+ 96. Kc7 Ra7+ 97. Kb6 Ra1 98. d7 Rb1+ 99. Kc6 Rc1+ 100. Rc5 Rd1 101. Kc7 1-0

[Event "7th Paul Keres Memorial Festival 2026 Classic A"]
[Site "ESTONIA Resort Hotel & Spa conference center, EE"]
[Date "2026.08.01"]
[Round "9"]
[White "Kirk, Ezra"]
[Black "Meessen, Rudolf"]
[Result "0-1"]
[Board "7"]
[TimeControl "5400+30"]
[WhiteFideId "600067"]
[BlackFideId "202029"]
[WhiteElo "2378"]
[BlackElo "2226"]
[WhiteTitle "IM"]
[BlackTitle "FM"]
[WhiteClock "0:04:53"]
[BlackClock "0:06:47"]
[Variant "Standard"]
[EndDate "2026.08.01"]
[EndTime "10:59:07"]

1. d4 d6 2. c4 e5 3. d5 a5 4. Nc3 Na6 5. e4 g6 6. Nf3 Bd7 7. Be2 Nf6 8. h3 Nc5 9. Qc2 h5 10. Be3 b6 11. Bd1 Bh6 12. Bxh6 Rxh6 13. g3 Kf8 14. Qd2 Kg7 15. Bc2 Rh8 16. Kf1 a4 17. Nh4 Qc8 18. Kg2 Qa6 19. Bd3 c6 20. dxc6 Bxc6 21. f3 d5 22. exd5 Bxd5 23. Nxd5 Nxd5 24. Bxg6 Ne7 25. Be4 Nxe4 26. fxe4 Qxc4 27. Rae1 f6 28. Rhf1 Rad8 29. Qf2 Rd6 30. a3 Rhd8 31. Re2 Qxe2 32. Qxe2 Rd2 33. Kf2 R8d3 34. Rc1 Kf8 35. Rc7 Rxe2+ 36. Kxe2 Rb3 37. Nf5 Rxb2+ 38. Kd3 Rb3+ 39. Kc4 b5+ 0-1

[Event "7th Paul Keres Memorial Festival 2026 Classic A"]
[Site "ESTONIA Resort Hotel & Spa conference center, EE"]
[Date "2026.08.01"]
[Round "9"]
[White "Maltsevskaya, Aleksandra"]
[Black "Fecker, Noah"]
[Result "1-0"]
[Board "8"]
[TimeControl "5400+30"]
[WhiteFideId "24174041"]
[BlackFideId "1334263"]
[WhiteElo "2360"]
[BlackElo "2371"]
[WhiteTitle "IM"]
[BlackTitle "FM"]
[WhiteClock "0:10:13"]
[BlackClock "0:02:22"]
[Variant "Standard"]
[EndDate "2026.08.01"]
[EndTime "10:43:21"]

1. e4 c6 2. d4 d5 3. e5 Bf5 4. Nd2 e6 5. g4 Bg6 6. Ne2 c5 7. h4 h6 8. h5 Bh7 9. c3 Ne7 10. Bg2 Nd7 11. a3 Rc8 12. f4 Nc6 13. Nf3 c4 14. f5 exf5 15. g5 Be7 16. gxh6 g5 17. Nh2 Nf8 18. O-O Ne6 19. b3 Na5 20. bxc4 Rxc4 21. Bd2 O-O 22. Ng3 f4 23. Nh1 f5 24. exf6 Bxf6 25. Nf2 Rc6 26. Nhg4 Nc7 27. Re1 Nc4 28. Bc1 Rb6 29. a4 Re8 30. Ra2 Rxe1+ 31. Qxe1 Re6 32. Re2 Kf7 33. Rxe6 Nxe6 34. Nxf6 Kxf6 35. Ng4+ Ke7 36. Ne5 Be4 37. Nxc4 Bxg2 38. Ba3+ 1-0

[Event "7th Paul Keres Memorial Festival 2026 Classic A"]
[Site "ESTONIA Resort Hotel & Spa conference center, EE"]
[Date "2026.08.01"]
[Round "9"]
[White "Krivonosov, Oleg"]
[Black "Grave, Jacob Templen"]
[Result "1/2-1/2"]
[Board "9"]
[TimeControl "5400+30"]
[WhiteFideId "11600349"]
[BlackFideId "1542656"]
[WhiteElo "2290"]
[BlackElo "2392"]
[WhiteTitle "IM"]
[BlackTitle "FM"]
[WhiteClock "1:24:20"]
[BlackClock "0:30:24"]
[Variant "Standard"]
[EndDate "2026.08.01"]
[EndTime "08:46:44"]

1. Nf3 Nf6 2. c4 e6 3. g3 d5 4. d4 Bd6 5. Bg2 h6 6. O-O O-O 7. Nc3 Nc6 8. b3 dxc4 9. bxc4 e5 10. Bb2 Re8 11. c5 exd4 12. Nxd4 Bxc5 13. Nxc6 bxc6 14. Bxc6 Bd7 15. Bxd7 Qxd7 16. Qxd7 Nxd7 17. Rac1 Rab8 18. Rc2 Bd6 19. Rd1 Nf6 20. Nd5 Nxd5 21. Rxd5 Re4 1/2-1/2

[Event "7th Paul Keres Memorial Festival 2026 Classic A"]
[Site "ESTONIA Resort Hotel & Spa conference center, EE"]
[Date "2026.08.01"]
[Round "9"]
[White "Haitin, Ilja"]
[Black "Zhao, Yunqing"]
[Result "1/2-1/2"]
[Board "10"]
[TimeControl "5400+30"]
[WhiteFideId "4501764"]
[BlackFideId "8626260"]
[WhiteElo "2273"]
[BlackElo "2169"]
[WhiteTitle "FM"]
[BlackTitle "WIM"]
[WhiteClock "0:03:10"]
[BlackClock "0:03:51"]
[Variant "Standard"]
[EndDate "2026.08.01"]
[EndTime "11:39:56"]

1. e4 c5 2. d4 cxd4 3. Qxd4 Nc6 4. Qd3 Nf6 5. Nc3 e6 6. Bf4 a6 7. O-O-O Qa5 8. Bd6 Nb4 9. Qc4 Bxd6 10. Rxd6 b5 11. Qb3 Bb7 12. Qa3 Qxa3 13. bxa3 Rc8 14. axb4 Rxc3 15. f3 Ke7 16. Rd2 e5 17. Kb2 Rhc8 18. Bd3 R3c7 19. Ne2 d5 20. exd5 Nxd5 21. a3 g6 22. Re1 f5 23. Nc1 Kf6 24. Nb3 Nb6 25. Nc5 Nd7 26. Nxb7 Rxb7 27. a4 Nb6 28. axb5 Na4+ 29. Kc1 axb5 30. Bf1 Nc3 31. Rd6+ Kg5 32. Rxe5 Rbc7 33. Rc5 Rxc5 34. bxc5 Rxc5 35. Rd4 f4 36. Bd3 Nd5 37. Re4 Kf6 38. Kd2 g5 39. Re8 Ne3 40. g3 Nc4+ 41. Ke2 Nd6 42. Rh8 Nf7 43. Rxh7 b4 44. gxf4 gxf4 45. Rh4 Ke5 46. Rh5+ Kd4 47. Rxc5 Kxc5 48. h4 Kd4 49. Kd2 Ne5 50. Be4 Nf7 51. h5 Nh6 52. Bc6 Nf7 53. Ba4 Nh6 54. Bb3 Nf5 55. Bg8 Nh6 56. Bb3 Nf5 57. Ba4 Nh6 58. Ke2 Nf5 59. Kf2 Ke5 60. Bc6 Nh6 61. Be4 Nf7 62. Bg6 Nh6 63. Kg2 Kf6 64. Be8 Nf5 65. Bg6 Nh6 66. Kf2 Ke5 67. Ke2 Kd4 68. Bh7 Nf7 69. Bg8 Nh6 70. Be6 Ke5 71. Bh3 Kd4 72. Kd2 Nf7 73. Be6 Nh6 74. Kc1 Ke3 75. Bd5 Kd4 76. Be6 Ke3 77. Kb2 Kxf3 78. Kb3 Kg3 79. Kxb4 f3 80. Bd5 Kg4 81. Bxf3 Kxf3 82. c4 Kg4 83. c5 Kxh5 84. c6 Nf5 85. Kc5 Kg6 86. c7 Ne7 87. Kd6 Kf6 88. Kd7 Kf7 89. c8=Q Nxc8 1/2-1/2

[Event "7th Paul Keres Memorial Festival 2026 Rapid"]
[Site "ESTONIA Resort Hotel & Spa conference center, EE"]
[Date "2026.08.02"]
[Round "1"]
[White "Gailums, Makss"]
[Black "Shirov, Alexei"]
[Result "0-1"]
[Board "1"]
[TimeControl "12+3"]
[WhiteFideId "11637951"]
[BlackFideId "2209390"]
[WhiteElo "1813"]
[BlackElo "2616"]
[BlackTitle "GM"]
[WhiteClock "0:00:07"]
[BlackClock "0:05:51"]
[Variant "Standard"]
[EndDate "2026.08.02"]
[EndTime "07:53:35"]

1. d4 d5 2. Bf4 c5 3. e3 Nc6 4. c3 Nf6 5. Nf3 Qb6 6. Qc1 Bf5 7. Be2 e6 8. O-O Rc8 9. Nbd2 h6 10. h3 Be7 11. Be5 O-O 12. Nb3 c4 13. Nbd2 Nd7 14. Bg3 Qa5 15. Ne5 Ndxe5 16. dxe5 b5 17. Nf3 b4 18. Nd4 Nxd4 19. exd4 Rb8 20. Qd2 bxc3 21. bxc3 Qa3 0-1

[Event "7th Paul Keres Memorial Festival 2026 Rapid"]
[Site "ESTONIA Resort Hotel & Spa conference center, EE"]
[Date "2026.08.02"]
[Round "1"]
[White "Lagarde, Maxime"]
[Black "Pohla, Mihkel Johannes"]
[Result "1-0"]
[Board "2"]
[TimeControl "12+3"]
[WhiteFideId "662399"]
[BlackFideId "4508432"]
[WhiteElo "2599"]
[BlackElo "1860"]
[WhiteTitle "GM"]
[WhiteClock "0:08:27"]
[BlackClock "0:07:50"]
[Variant "Standard"]
[EndDate "2026.08.02"]
[EndTime "07:41:28"]

1. Nf3 c5 2. e4 Nc6 3. Bc4 d6 4. d4 cxd4 5. Nxd4 Nf6 6. Nc3 g6 7. Nxc6 bxc6 8. e5 Nd7 9. exd6 exd6 10. O-O Bg7 11. Re1+ Kf8 12. Qxd6+ Kg8 13. Bg5 Qxg5 14. Bxf7+ Kxf7 15. Qe6+ Kf8 16. Qe8# 1-0

[Event "7th Paul Keres Memorial Festival 2026 Rapid"]
[Site "ESTONIA Resort Hotel & Spa conference center, EE"]
[Date "2026.08.02"]
[Round "1"]
[White "Rupais,Gustavs"]
[Black "Fridman, Daniel"]
[Result "0-1"]
[Board "3"]
[TimeControl "12+3"]
[WhiteFideId "11614854"]
[BlackFideId "11600454"]
[WhiteElo "1828"]
[BlackElo "2555"]
[BlackTitle "GM"]
[WhiteClock "0:00:08"]
[BlackClock "0:00:09"]
[Variant "Standard"]
[EndDate "2026.08.02"]
[EndTime "08:02:44"]

1. Nf3 d5 2. c4 e6 3. d4 Nf6 4. g3 Bb4+ 5. Bd2 a5 6. Bg2 O-O 7. O-O dxc4 8. Qc2 b5 9. Ne5 Ra6 10. Rd1 Rd6 11. e3 c6 12. b3 cxb3 13. axb3 Nd5 14. Nd3 Na6 15. e4 Ne7 16. Nxb4 Nxb4 17. Bxb4 axb4 18. Ra7 c5 19. Qxc5 Nc6 20. Ra2 e5 21. d5 Nd4 22. Qxb4 Qb6 23. h3 f5 24. Nc3 f4 25. Rd3 Rdf6 26. d6 Qxd6 27. Qxd6 Rxd6 28. Nd5 Bb7 29. Ra7 Bxd5 30. exd5 f3 31. Rc3 fxg2 32. Rcc7 Rg6 33. d6 Rd8 34. d7 Kf7 35. Rc8 Ke7 36. Raa8 Ne6 37. Kxg2 Rf6 38. Rab8 Rff8 39. Rxb5 Kf6 40. Rbb8 Ke7 41. Rb5 e4 42. Re5 Rxc8 43. dxc8=Q Rxc8 44. Rxe4 Rc2 45. Kf1 Rb2 46. f4 Rxb3 47. f5 Rxg3 48. Rxe6+ Kf7 49. h4 Rg4 50. Kf2 Rxh4 51. Kg3 Ra4 52. Rb6 Ra7 53. Kg4 Rc7 54. Kg5 h6+ 55. Kg4 Rc4+ 56. Kf3 Ra4 57. Kg3 Ke7 58. Kf3 Rd4 59. Kg3 Rd6 60. Rb5 Kf6 61. Kg4 Rd4+ 62. Kh5 Rf4 63. Rb6+ Kxf5 64. Rb5+ 0-1

[Event "7th Paul Keres Memorial Festival 2026 Rapid"]
[Site "ESTONIA Resort Hotel & Spa conference center, EE"]
[Date "2026.08.02"]
[Round "1"]
[White "Laurusas, Tomas"]
[Black "Voropaiev, Vladyslav"]
[Result "1-0"]
[Board "4"]
[TimeControl "12+3"]
[WhiteFideId "12803731"]
[BlackFideId "34175091"]
[WhiteElo "2462"]
[BlackElo "1673"]
[WhiteTitle "GM"]
[WhiteClock "0:11:26"]
[BlackClock "0:04:20"]
[Variant "Standard"]
[EndDate "2026.08.02"]
[EndTime "07:51:49"]

1. c4 e5 2. Nc3 Nf6 3. Nf3 Nc6 4. d4 exd4 5. Nxd4 Nxd4 6. Qxd4 c6 7. g3 Bb4 8. Bg2 O-O 9. O-O Qa5 10. Bd2 Bc5 11. Qg4 Qc7 12. Qh4 Re8 13. Rad1 Qa5 14. Bf4 Ba3 15. Ra1 Qb4 1-0

[Event "7th Paul Keres Memorial Festival 2026 Rapid"]
[Site "ESTONIA Resort Hotel & Spa conference center, EE"]
[Date "2026.08.02"]
[Round "1"]
[White "Vassiljev, Saveli"]
[Black "Keinanen, Toivo"]
[Result "0-1"]
[Board "5"]
[TimeControl "12+3"]
[WhiteFideId "4530705"]
[BlackFideId "509825"]
[WhiteElo "1797"]
[BlackElo "2585"]
[BlackTitle "IM"]
[WhiteClock "0:04:38"]
[BlackClock "0:08:17"]
[Variant "Standard"]
[EndDate "2026.08.02"]
[EndTime "07:53:16"]

1. d4 d5 2. c4 e6 3. Nf3 c6 4. g3 dxc4 5. a4 c5 6. Bg2 Nc6 7. e3 cxd4 8. exd4 Nf6 9. Na3 Bxa3 10. Rxa3 O-O 11. O-O Nd5 12. Qc2 b6 13. Qxc4 Bb7 14. Bg5 Qd7 15. Ne5 Qd6 16. Bxd5 exd5 17. Qd3 Nxe5 18. dxe5 Qxe5 19. f4 Qd6 20. Qd4 f6 21. Bh4 Rfe8 22. Rc3 Re4 23. Qd3 d4 24. Rc2 Rae8 25. Rd2 Qd5 26. Rf3 Re1+ 27. Kf2 Qxf3+ 28. Qxf3 Bxf3 29. Kxf3 R1e3+ 30. Kf2 d3 31. g4 Re2+ 32. Rxe2 Rxe2+ 33. Kf1 Rxb2 34. Bg3 Rb1+ 0-1

[Event "7th Paul Keres Memorial Festival 2026 Rapid"]
[Site "ESTONIA Resort Hotel & Spa conference center, EE"]
[Date "2026.08.02"]
[Round "1"]
[White "Kazakouski, Valery"]
[Black "Reinholm, Karl Kristjan"]
[Result "1-0"]
[Board "6"]
[TimeControl "12+3"]
[WhiteFideId "13507443"]
[BlackFideId "4516028"]
[WhiteElo "2528"]
[BlackElo "1843"]
[WhiteTitle "GM"]
[WhiteClock "0:10:06"]
[BlackClock "0:04:26"]
[Variant "Standard"]
[EndDate "2026.08.02"]
[EndTime "07:44:23"]

1. d4 Nf6 2. c4 e6 3. Nc3 Bb4 4. f3 O-O 5. e4 d6 6. Nge2 e5 7. a3 Bxc3+ 8. Nxc3 a5 9. Be3 Nbd7 10. Be2 b6 11. O-O Ba6 12. d5 Qe7 13. b4 axb4 14. axb4 Nh5 15. Qd2 g6 16. Ra3 Bb7 17. Rfa1 c6 18. dxc6 Rxa3 19. Rxa3 Bxc6 20. Ra7 Ng7 21. Bxb6 Ra8 22. Rxa8+ Bxa8 23. Be3 f5 24. c5 dxc5 25. Qa2+ 1-0

[Event "7th Paul Keres Memorial Festival 2026 Rapid"]
[Site "ESTONIA Resort Hotel & Spa conference center, EE"]
[Date "2026.08.02"]
[Round "1"]
[White "Barbsys, Skirmantas"]
[Black "Harikrishnan.A.Ra"]
[Result "0-1"]
[Board "7"]
[TimeControl "12+3"]
[WhiteFideId "12861812"]
[BlackFideId "5081483"]
[WhiteElo "1855"]
[BlackElo "2404"]
[BlackTitle "GM"]
[WhiteClock "0:02:12"]
[BlackClock "0:05:38"]
[Variant "Standard"]
[EndDate "2026.08.02"]
[EndTime "07:52:17"]

1. d4 Nf6 2. c4 e6 3. Nc3 Bb4 4. e3 O-O 5. Bd3 Bxc3+ 6. bxc3 d6 7. e4 e5 8. d5 Nbd7 9. f3 Nc5 10. Bc2 Nh5 11. Ne2 f5 12. O-O f4 13. Qe1 Rf6 14. g3 Rg6 15. g4 Nf6 16. h3 h5 17. Nxf4 exf4 18. e5 Nfd7 19. Bxg6 Nxe5 20. Be4 hxg4 21. Bxf4 Nxe4 22. Qxe4 gxf3 23. Bxe5 Qg5+ 24. Kf2 Qg2+ 25. Ke3 Qe2+ 26. Kf4 g5+ 27. Kxg5 Qxe4 0-1

[Event "7th Paul Keres Memorial Festival 2026 Rapid"]
[Site "ESTONIA Resort Hotel & Spa conference center, EE"]
[Date "2026.08.02"]
[Round "1"]
[White "Mayorau, Mikita"]
[Black "Lusts, Ricards Martins"]
[Result "1-0"]
[Board "8"]
[TimeControl "12+3"]
[WhiteFideId "13501720"]
[BlackFideId "11625430"]
[WhiteElo "2392"]
[BlackElo "1711"]
[WhiteTitle "GM"]
[WhiteClock "0:05:05"]
[BlackClock "0:01:37"]
[Variant "Standard"]
[EndDate "2026.08.02"]
[EndTime "07:53:27"]

1. d4 f5 2. c4 Nf6 3. g3 e6 4. Bg2 Bb4+ 5. Nd2 Nc6 6. Ngf3 b6 7. O-O Bxd2 8. Qxd2 Ne4 9. Qd1 O-O 10. b3 Bb7 11. Bb2 Qe8 12. Ne1 Qg6 13. f3 Nf6 14. Nd3 Nh5 15. Qd2 d6 16. e3 Ne7 17. Rfe1 Qh6 18. Qe2 Nf6 19. e4 fxe4 20. fxe4 Nd7 21. Bc1 Qf6 22. e5 dxe5 23. Bxb7 Rab8 24. Bg2 Nf5 25. dxe5 Qe7 26. Bb2 Rbd8 27. Rad1 Nc5 28. Nb4 Qf7 29. Nc6 Rxd1 30. Rxd1 a5 31. Ba3 1-0

[Event "7th Paul Keres Memorial Festival 2026 Rapid"]
[Site "ESTONIA Resort Hotel & Spa conference center, EE"]
[Date "2026.08.02"]
[Round "1"]
[White "Le Doan, Duy Thuc"]
[Black "Jakubowski, Krzysztof"]
[Result "0-1"]
[Board "9"]
[TimeControl "12+3"]
[WhiteFideId "1781375"]
[BlackFideId "1112848"]
[WhiteElo "1696"]
[BlackElo "2365"]
[BlackTitle "GM"]
[WhiteClock "0:03:33"]
[BlackClock "0:04:36"]
[Variant "Standard"]
[EndDate "2026.08.02"]
[EndTime "07:52:40"]

1. e4 c5 2. Nf3 e6 3. d4 cxd4 4. Qxd4 a6 5. Nc3 b5 6. a3 Bb7 7. Bf4 Nf6 8. Bd3 Nc6 9. Qe3 Na5 10. O-O Rc8 11. Bg5 Qc7 12. Bf4 d6 13. Bg5 Be7 14. h3 O-O 15. Rad1 e5 16. Rfe1 h6 17. Bxf6 Bxf6 18. Qe2 Rfe8 19. Qf1 Qb6 20. Ne2 Nc4 21. b3 Nxa3 22. Rc1 d5 23. Ng3 g6 24. exd5 Bxd5 25. Ne4 Bg7 26. Qe2 f5 27. Ra1 fxe4 28. Rxa3 exd3 29. Qxd3 Bb7 30. Nh2 e4 31. Qe2 e3 32. fxe3 Rxe3 0-1